 Dungeon Crawl Stone Soup version 0.30-a0-458-g86641cc369 (webtiles) character file.

Game seed: 14109656977314494417

258 zishaf the Sneak (level 6, -1/33 HPs)
             Began as a Vine Stalker Brigand on Dec 14, 2022.
             Slain by an orc
             ... wielding a +0 club
              (3 damage)
             ... on level 4 of the Dungeon.
             The game lasted 00:03:04 (2091 turns).

zishaf the Sneak (Vine Stalker Brigand)             Turns: 2091, Time: 00:03:05

Health: -1/33      AC:  8    Str: 13    XL:     6   Next: 16%
Magic:  0/7        EV: 10    Int: 11    God:
Gold:   129        SH:  0    Dex: 18    Spells: 5/5 levels left

rFire   . . .      SeeInvis .    g - +3 dagger (freeze)
rCold   . . .      Faith    .    (no shield)
rNeg    + . .      Spirit   +    h - +0 ring mail
rPois   .          Reflect  .    m - +0 helmet
rElec   .          Harm     .    c - +0 cloak
rCorr   .          Rampage  .    (no gloves)
Will    +++..      Clarity  +    p - +0 pair of boots
Stlth   +++.......               t - amulet of the Four Winds {rN+ Will+++ Clar}
HPRegen 1.05/turn                (no ring)
MPRegen 0.10/turn                (no ring)

@: no status effects
A: fangs 2, regeneration 1, magic shield, antimagic bite, no potion heal 2
a: no special abilities


You were on level 4 of the Dungeon.
You visited 1 branch of the dungeon, and saw 4 of its levels.

You collected 129 gold pieces.

Inventory:

Hand Weapons
 a - a +2 dagger
 g - a +3 dagger of freezing (weapon)
Missiles
 d - 12 poisoned darts
 e - 2 curare-tipped darts (quivered)
Armour
 b - a +0 robe
 c - a +0 cloak (worn)
 h - a +0 ring mail (worn)
 m - a +0 helmet (worn)
 p - a +0 pair of boots (worn)
Jewellery
 q - an amulet of regeneration
 t - the amulet of the Four Winds (around neck) {rN+ Will+++ Clar}
   (You found it on level 2 of the Dungeon)

   [amulet of nothing]

   rN:        It protects you from negative energy.
   Clar:      It protects you against confusion.
   Will:      It greatly increases your willpower.
Scrolls
 f - 2 scrolls of fear {unknown}
 j - 2 scrolls of identify {unknown}
 l - 2 scrolls of blinking {unknown}
 s - a scroll of enchant armour {unknown}
 v - a scroll of magic mapping {unknown}
Potions
 i - a potion of mutation {unknown}
 k - a potion of might {unknown}
 n - a potion of flight {unknown}
 o - 2 potions of curing {unknown}
 r - a potion of magic {unknown}
 u - a potion of attraction {unknown}
 w - 2 potions of invisibility {unknown}
 x - a potion of lignification {unknown}
 z - a potion of resistance {unknown}


   Skills:
 + Level 3.7 Fighting
 + Level 3.7 Short Blades
 - Level 2.0 Throwing
 - Level 1.0 Dodging
 - Level 6.0 Stealth


You had 5 spell levels left.
You didn't know any spells.
Your spell library contained the following spells:

 Spells                   Type           Power      Damage    Failure   Level
 Magic Dart               Conj           0%         1d3       61%         1
 Summon Small Mammal      Summ           0%         N/A       61%         1
 Searing Ray              Conj           0%         2d4       75%         2
 Call Canine Familiar     Summ           0%         N/A       93%         3
 Summon Guardian Golem    Hex/Summ       0%         N/A       93%         3
 Fulminant Prism          Conj/Hex       0%         3d5       100%        4


Dungeon Overview and Level Annotations

Branches:
Dungeon (4/15)
 Temple: D:4-7

Altars:


Innate Abilities, Weirdness & Mutations

You have extremely sharp teeth.
Your natural rate of healing is unusually fast.
When hurt, damage is shared between your health and your magic reserves.
Your bite disrupts and absorbs the magic of your enemies.
Potions cannot restore your health.


Message History

You hit the orc priest. You freeze the orc priest.
The orc priest is heavily wounded.
You hit the orc priest but do no damage.
You bite the orc priest, but do no damage.
The orc priest is heavily wounded.
The orc barely misses you. x2
The orc priest miscasts a cantrip.
You closely miss the orc priest. You bite the orc priest. You drain its power.
You feel invigorated.
The orc priest is severely wounded.
The orc barely misses you. The orc hits you but does no damage.
The orc priest hits you with a +0 mace.
You hit the orc priest but do no damage.
You punch the orc priest, but do no damage.
The orc priest is severely wounded.
The orc priest closely misses you. The orc completely misses you.
The orc hits you with a +0 club. The orc hits you with a +0 hand axe.
You barely miss the orc priest.
You bite the orc priest, but do no damage.
The orc priest is severely wounded.
The orc hits you from afar with a +0 trident.
The orc closely misses you. The orc hits you with a +0 hand axe.
The orc priest hits you with a +0 mace.
You are too injured to fight recklessly!
You are too injured to fight recklessly!
You are too injured to fight recklessly!
You are too injured to fight recklessly!
You are too injured to fight recklessly!
You are too injured to fight recklessly!
You are too injured to fight recklessly!
You are too injured to fight recklessly!
You hit the orc priest but do no damage.
Your bite misses the orc priest.
The orc priest is severely wounded.
The orc hits you but does no damage.
The orc priest calls down the wrath of Beogh upon you.
Beogh smites you!
* * * LOW HITPOINT WARNING * * *
The orc hits you with a +0 club.
You die...

#. .# #. .#
#. .####
##.##....#
#........##.
#...).o...(#
#..)o{o.....
#@o# #..#
#).# #..#
#..# #..#
####..#
#.....#
##†#........


You could see an orc priest and 3 orcs.

Vanquished Creatures
  A necrophage (D:3)
  A hound (D:4)
  Terence (D:2)
  Robin (D:2)
  A gnoll (D:3)
  3 adders (D:3)
  A worm (D:3)
  2 dart slugs (D:2)
  12 orcs
  5 ball pythons
  4 endoplasms
  2 giant cockroaches (D:3)
  9 hobgoblins
  5 jackals
  A quokka (D:2)
  2 bats
  3 frilled lizards
  11 goblins
  6 kobolds
  5 rats
76 creatures vanquished.

Notes
Turn   | Place    | Note
-------+----------+-------------------------------------------
     0 | D:1      | zishaf the Vine Stalker Brigand began the quest for the
                  | Orb.
     0 | D:1      | Reached XP level 1. HP: 11/11 MP: 2/2
   159 | D:1      | Reached skill level 1 in Dodging
   159 | D:1      | Reached XP level 2. HP: 12/15 MP: 3/3
   191 | D:1      | Reached skill level 5 in Stealth
   773 | D:2      | Noticed Robin
   803 | D:1      | Reached XP level 3. HP: 17/18 MP: 4/4
   808 | D:2      | Killed Robin
   911 | D:2      | Noticed Terence
   929 | D:2      | Killed Terence
   930 | D:2      | Gained mutation: Your natural rate of healing is unusually
                  | fast. [Vine Stalker growth]
   930 | D:2      | Reached XP level 4. HP: 9/23 MP: 2/5
  1328 | D:2      | Found the amulet of the Four Winds {rN+ Will+++ Clar}
  1572 | D:3      | Reached XP level 5. HP: 28/28 MP: 6/6
  1687 | D:3      | Reached skill level 6 in Stealth
  2057 | D:4      | Reached XP level 6. HP: 31/33 MP: 5/7
  2091 | D:4      | Slain by an orc

Illustrated notes

Levels and vault maps discovered:
D:1:      nzn_arrival_water_spiral, layout_basic
D:2:      layout_loops_ring, uniq_robin, uniq_terence
D:3:      layout_rooms, serial_curves, eino_curves_02, eino_curves_04,
          minmay_mini_jars
D:4:      layout_basic, mainiacjoe_overflow_alcove_1,
          gammafunk_temple_overflow_elements, uniq_eustachio

Skill      XL: |  1  2  3  4  5 |
---------------+----------------+-----
Dodging        | 1 |  1.0
Stealth        | 5 6 |  6.0
Fighting       | 2 3 |  3.7
Short Blades   | 2 3 |  3.7
Throwing       | 2 |  2.0

Action                   |  1- 3 |  4- 6 || total
-------------------------+-------+-------++-------
Melee: Dagger            |    69 |   111 ||   180
       Bite              |    10 |    36 ||    46
       Punch             |       |     2 ||     2
Throw: Dart              |     2 |       ||     2
 Stab: Sleeping          |     7 |     9 ||    16
Armor: Ring mail         |    35 |    53 ||    88
Dodge: Dodged            |    28 |    49 ||    77

Table legend: (Time is in decaauts)
 A = Elapsed time spent in this place.
 B = Non-inter-level travel time spent in this place.
 C = Inter-level travel time spent in this place.
 D = Time resting spent in this place.
 E = Time spent auto-exploring this place.
 F = Levels seen in this place.
 G = Mean time per level.
                   A        B        C        D        E       F      G
               +--------+--------+--------+--------+--------+-----+--------+
         Total |   2081 |   1997 |     84 |      9 |   1555 |   4 |  520.2 |
       Dungeon |   2081 |   1997 |     84 |      9 |   1555 |   4 |  520.2 |
               +--------+--------+--------+--------+--------+-----+--------+

Top non-repeatable levels by time:
     D:1: 803 daAuts
     D:2: 679 daAuts
     D:3: 517 daAuts
     D:4: 80 daAuts
